AoeStats
← tonytctang

Arena

507019680Analyzed
4v4 RM · 16d ago on Sep 16, 2026· 44m 32s· 8 players
Game mode
Random Map
Map size
Large (8 player)
Population
200
Speed
Normal
Resources
Standard
Victory
Conquest
Starting age
Dark Age
Ending age
Imperial Age
RankedLock teamsTeams togetherTeam positionsShared explorationLock speedFull tech treeHidden civsTurbo modeCheats
Victory
Defeat
🇭🇰 Turks · Hong Kong SAR China
1124
+14
🇭🇰 Saracens · Hong Kong SAR China
1117
+15
🇨🇳 Japanese · China
1049
+17
🇨🇳 Vietnamese · China
1006
+19
🇸🇬 Poles · Singapore
1174
-19
🇹🇼 Bohemians · Taiwan
1164
-20
🇵🇱 Hindustanis · Poland
1049
-15
🇲🇽 Teutons · Mexico
948
-11
tonytctang
10:46 Feudal Age
11:41 Double-Bit Axe
11:39 Horse Collar
17:12 Castle Age
16:00 Stone Mining
16:58 Loom
17:09 Gold Mining
19:32 Bow Saw
23:56 Wheelbarrow
23:06 Town Watch
24:00 Gold Shaft Mining
23:32 Heavy Plow
29:12 Hand Cart
30:06 Forging
30:02 Scale Barding Armor
31:55 Bloodlines
31:45 Husbandry
31:05 Light Cavalry
32:28 Iron Casting
32:14 Chain Barding Armor
32:50 Town Patrol
36:22 Imperial Age
38:18 Two-Man Saw
37:42 Conscription
36:47 Elite Mameluke
37:10 Heavy Camel Rider
41:35 Blast Furnace
41:10 Plate Barding Armor
41:15 Hussar
43:59 Counterweights
44:56 Fletching
45:06 Padded Archer Armor
45:07 Scale Mail Armor
品哥揍老外
12:21 Feudal Age
16:57 Castle Age
15:27 Padded Archer Armor
15:31 Double-Bit Axe
15:45 Horse Collar
16:35 Stone Mining
16:41 Fletching
17:05 Gold Mining
19:28 Stone Shaft Mining
24:06 Bodkin Arrow
28:20 Wheelbarrow
27:31 Town Watch
27:32 Loom
29:02 Hand Cart
29:21 Chatras
33:35 Imperial Age
33:38 Ballistics
32:58 Treadmill Crane
34:33 Bow Saw
34:37 Thumb Ring
35:12 Paper Money
34:19 Elite Rattan Archer
35:34 Leather Archer Armor
35:19 Bracer
35:25 Scale Barding Armor
35:33 Forging
36:20 Heavy Plow
36:23 Town Patrol
38:32 Ring Archer Armor
38:31 Chain Barding Armor
38:13 Elite Battle Elephant
39:33 Husbandry
39:44 Bloodlines
41:19 Plate Barding Armor
42:07 Two-Man Saw
44:52 Iron Casting
百岁山
10:35 Feudal Age
12:44 Horse Collar
16:00 Castle Age
14:13 Double-Bit Axe
15:14 Scale Mail Armor
19:05 Chain Mail Armor
22:47 Bow Saw
22:40 Heavy Plow
24:38 Wheelbarrow
25:25 Squires
26:22 Hand Cart
33:20 Imperial Age
30:43 Gold Mining
30:46 Stone Mining
31:01 Loom
31:02 Town Watch
31:33 Forging
31:27 Arson
36:23 Two-Man Saw
36:36 Plate Mail Armor
36:42 Iron Casting
36:52 Capped Ram
39:50 Elite Samurai
42:31 Gold Shaft Mining
43:15 Blast Furnace
44:35 Conscription
44:20 Yasama
44:56 Hoardings
45:02 Ballistics
44:34 Guard Tower
kit7292001
11:30 Feudal Age
11:28 Loom
12:18 Double-Bit Axe
12:16 Horse Collar
17:26 Castle Age
15:37 Gold Mining
16:20 Stone Mining
26:29 Imperial Age
26:11 Scale Mail Armor
27:37 Wheelbarrow
31:47 Artillery
33:54 Hand Cart
34:01 Squires
34:15 Forging
34:07 Padded Archer Armor
35:26 Bloodlines
35:19 Husbandry
40:08 Town Watch
39:46 Elite Janissary
40:45 Bow Saw
42:10 Heavy Plow
43:13 Two-Man Saw
42:36 Conscription
zozolini
11:03 Feudal Age
12:28 Double-Bit Axe
15:10 Castle Age
13:04 Horse Collar
15:44 Wheelbarrow
16:20 Bow Saw
24:43 Heavy Plow
26:15 Hand Cart
26:15 Gold Mining
26:16 Stone Mining
29:33 Imperial Age
27:31 Grand Trunk Road
27:53 Forging
27:44 Scale Mail Armor
30:09 Iron Casting
29:50 Chain Mail Armor
30:25 Husbandry
30:38 Bloodlines
29:48 Light Cavalry
32:06 Chemistry
32:05 Gold Shaft Mining
31:52 Squires
31:46 Fletching
31:56 Padded Archer Armor
33:22 Murder Holes
33:48 Ballistics
38:17 Stone Shaft Mining
38:58 Blast Furnace
38:41 Hussar
39:51 Heavy Camel Rider
41:26 Pikeman
richardcastores
3:02 Loom
10:47 Feudal Age
12:04 Wheelbarrow
12:22 Town Watch
12:26 Double-Bit Axe
12:24 Horse Collar
18:58 Castle Age
17:15 Fletching
20:19 Bow Saw
20:31 Hand Cart
21:59 Heavy Plow
25:00 Stone Mining
29:45 Imperial Age
27:59 Bodkin Arrow
28:05 Padded Archer Armor
28:17 Forging
28:12 Scale Barding Armor
28:13 Town Patrol
31:40 Iron Casting
31:26 Chain Barding Armor
35:11 Plate Barding Armor
34:52 Leather Archer Armor
35:37 Blast Furnace
37:27 Two-Man Saw
38:07 Gold Mining
39:52 Ring Archer Armor
38:56 Elite Skirmisher
40:42 Ballistics
41:33 Chemistry
NICKC
10:03 Feudal Age
14:00 Castle Age
13:13 Double-Bit Axe
13:11 Horse Collar
15:50 Fervor
16:28 Bow Saw
20:53 Loom
21:58 Sanctity
22:44 Town Watch
27:16 Heavy Plow
39:10 Wheelbarrow
41:37 Hand Cart
41:08 Light Cavalry
41:57 Pikeman
fallen
11:02 Feudal Age
12:44 Loom
16:24 Castle Age
14:50 Double-Bit Axe
14:46 Horse Collar
14:54 Horse Collar
17:21 Bow Saw
17:12 Heavy Plow
20:02 Wheelbarrow
20:02 Gold Mining
23:23 Szlachta Privileges
24:39 Wheelbarrow
24:20 Scale Barding Armor
25:04 Bloodlines
24:54 Husbandry
25:31 Husbandry
27:19 Chain Barding Armor
28:32 Forging
33:03 Imperial Age
31:49 Iron Casting
31:49 Fletching
32:17 Stone Mining
32:52 Hand Cart
32:24 Town Watch
34:03 Lechitic Legacy
34:06 Conscription
33:07 Cavalier
34:48 Blast Furnace
36:55 Town Patrol
39:50 Scale Mail Armor
39:46 Bodkin Arrow
41:18 Chain Mail Armor
41:47 Crop Rotation
Connection lost

Rejoining the realm…

Still unreachable

The connection could not be restored.

Session expired

The server has moved on; the page needs a fresh start.